 Dungeon Crawl Stone Soup version 0.27-a0-1217-g8a41f320e8 (webtiles) character file.

Game seed: 13607743063340653526

11 sanka the Charlatan (level 2, 0/23 HPs)
             Began as a Djinni Artificer on June 5, 2021.
             Slain by a hobgoblin (2 damage)
             ... on level 1 of the Dungeon.
             The game lasted 00:00:48 (724 turns).

sanka the Charlatan (Djinni Artificer)               Turns: 724, Time: 00:00:49

Health: 0/23       AC:  3    Str: 11    XL:     2   Next: 40%
Gold:   6          EV: 11    Int: 12    God:
                   SH:  0    Dex: 13

rFire    + + .     SeeInvis .   f - +0 mace
rCold    x . .     Faith    .   (no shield)
rNeg     . . .     Spirit   .   b - +0 leather armour
rPois    ∞         Reflect  .   (no helmet)
rElec    .         Harm     .   (no cloak)
rCorr    .         Rampage  .   (no gloves)
Will     .....                  (boots unavailable)
Stlth    +.........             (no amulet)
HPRegen  0.07/turn              (no ring)
MPRegen  0.00/turn              (no ring)

@: flying
A: sickness immunity, fire resistance 2, cold vulnerability 1, float, innate
caster, hp casting, extra vitality 1
a: no special abilities


You were on level 1 of the Dungeon.
You visited 1 branch of the dungeon, and saw 1 of its levels.

You collected 6 gold pieces.


Innate Abilities, Weirdness & Mutations

You are immune to sickness and miasma.
You are immune to poison.
Your flesh is very heat resistant. (rF++)
You are vulnerable to cold. (rC-)
You float through the air rather than walking.
You learn spells naturally, not from books.
Your magical power is your life essence.
You have superior vitality. (+4 HP)


   Skills:
 + Level 2.2 Fighting
 - Level 1.0 Armour
 - Level 2.1 Dodging
 - Level 0.7 Stealth
 - Level 3.0 Evocations


You had one spell level left.
You didn't know any spells.
Your spell library was empty.

Inventory:

Hand Weapons
 a - a +0 club
 f - a +0 mace (weapon)
Armour
 b - a +0 leather armour (worn)
Wands
 c - a wand of flame (15) (quivered)
 d - a wand of charming (15)
Scrolls
 h - a scroll of fog {unknown}
Potions
 g - a potion of mutation {unknown}
Miscellaneous
 e - a piece from Xom's chessboard (15/15)

Dungeon Overview and Level Annotations

Branches:
Dungeon (1/15)

Altars:

▒.▒ ▒.▒ ▒ .▒ ▒.▒
▒.▒.▒▒..▒ ▒.▒
▒.▒...g.▒ ▒...▒▒.▒
▒...>....
▒...▒▒.▒▒▒.▒▒.....
▒....▒.....▒ ...
▒..▒.▒▒.▒▒.▒▒▒.l..
▒..▒.▒▒.▒▒gg..>▒
▒..▒.▒▒.▒▒R▒.▒.▒
▒..▒.▒▒.▒▒.▒.▒
▒..........▒ ▒
.▒▒▒▒▒...........▒
.(.......▒▒.▒▒▒▒▒▒
▒▒▒▒▒▒▒▒.▒▒.▒▒▒▒▒
▒▒▒▒▒....)....
▒........▒▒▒▒
▒.....▒▒▒▒▒▒▒▒


You could see 2 hobgoblins and a frilled lizard.


Message History

The hobgoblin hits you with a +0 hand axe!
The hobgoblin barely misses you.
The hobgoblin hits you but does no damage.
A frilled lizard comes into view.
The hobgoblin throws a stone.
The stone closely misses you.
You sock the hobgoblin!
You kill the hobgoblin!
The hobgoblin throws a stone.
The stone misses you.
A hobgoblin comes into view.
The hobgoblin shouts!
You hear an angry hiss.
The hobgoblin closely misses you. The hobgoblin closely misses you.
You barely miss the hobgoblin.
The hobgoblin hits you with a +0 hand axe.
* * * LOW HITPOINT WARNING * * *
The hobgoblin hits you.
* * * LOW HITPOINT WARNING * * *
The hobgoblin hits you with a +0 hand axe.
* * * LOW HITPOINT WARNING * * *
You barely miss the hobgoblin. The hobgoblin closely misses you.
The hobgoblin misses you. The hobgoblin closely misses you.
You closely miss the hobgoblin. The hobgoblin barely misses you.
The hobgoblin hits you.
You die...

Action                   || total
-------------------------++-------
Melee: Club              ||    31
       Mace              ||    11
Armor: Leather armour    ||     8
Dodge: Dodged            ||    33

Levels and vault maps discovered:
D:1:      giann_horns, layout_loops_ring, ebering_ecumenical_altar_abandoned

Notes
Turn   | Place    | Note
-------+----------+-------------------------------------------
     0 | D:1      | sanka the Djinni Artificer began the quest for the Orb.
     0 | D:1      | Reached XP level 1. HP: 17/17 MP: 0/0
    21 | D:1      | HP: 1/17 [hobgoblin (2)]
   398 | D:1      | Reached XP level 2. HP: 18/23 MP: 0/0
   482 | D:1      | Reached skill level 2 in Fighting
   722 | D:1      | HP: 1/23 [hobgoblin/+0 hand axe (6)]
   724 | D:1      | Slain by a hobgoblin

Vanquished Creatures
  An endoplasm (D:1)
  5 hobgoblins (D:1)
  A quokka (D:1)
  A frilled lizard (D:1)
  2 rats (D:1)
10 creatures vanquished.
